 Dungeon Crawl Stone Soup version 0.30-a0-1066-g63dfefce0d (webtiles) character file.

Game seed: 6475274812080426053

7143 MackTheKnife the Fighter (level 10, -8/87 HPs)
             Began as a Demonspawn Artificer on Apr 12, 2023.
             Was an Elder of Fedhas.
             Mangled by a wyvern (14 damage)
             ... on level 9 of the Dungeon.
             The game lasted 00:16:14 (9233 turns).

MackTheKnife the Fighter (Demonspawn Artificer)     Turns: 9233, Time: 00:16:15

Health: -8/87      AC: 11    Str: 15    XL:     10   Next: 85%
Magic:  10/10      EV: 14    Int: 15    God:    Fedhas [****..]
Gold:   422        SH:  0    Dex: 24    Spells: 9/9 levels left

rFire   . . .      SeeInvis +    l - +4 whip (elec) {mace}
rCold   . . .      Faith    +    L - orb {light}
rNeg    + + .      Spirit   .    H - +0 scale mail of Whack-A-Mole {rN+ Str+2 Dex+3}
rPois   .          Reflect  .    b - +3 crown of Dyrovepreva {rElec Int+2 SInv}
rElec   +          Rampage  .    n - +0 cloak
rCorr   .                        (no gloves)
Will    .....                    (no boots)
Stlth   ++                       r - amulet of faith {!P}
HPRegen 0.34/turn                o - +4 ring of slaying
MPRegen 0.12/turn                g - ring of positive energy

@: glowing
A: claws 2, thin skeletal structure 3, powered by pain 1, spiny 1, clumsy 1
a: Renounce Religion, Wall of Briars, Grow Ballistomycete, Overgrow


You were on level 9 of the Dungeon.
You worshipped Fedhas.
Fedhas was greatly pleased with you.
You visited 2 branches of the dungeon, and saw 10 of its levels.
You also visited: Sewer.

You collected 422 gold pieces.


Innate Abilities, Weirdness & Mutations

You have very sharp fingernails.
You have an unnaturally thin skeletal structure. (Dex +6, Stealth+++)
You sometimes gain a little power by taking damage.
You are partially covered in sharp spines.
You are clumsy. (Dex -2)


   Skills:
 - Level 11.0 Fighting
 - Level 6.6 Maces & Flails
 - Level 5.9 Armour
 - Level 7.3 Dodging
 - Level 0.8 Stealth
 + Level 1.7 Unarmed Combat
 - Level 3.0 Evocations


You had 9 spell levels left.
You didn't know any spells.
Your spell library contained the following spells:

 Spells                   Type           Power      Damage    Failure   Level
 Ensorcelled Hibernation  Hex/Ice        0%         N/A       80%         2
 Passwall                 Tmut/Erth      0%         N/A       80%         2
 Swiftness                Air            0%         N/A       95%         3

Inventory:

Hand Weapons
 l - a +4 whip of electrocution (weapon) {mace}
   (You found it on level 1 of the Dungeon)
Armour
 b - the +3 crown of Dyrovepreva (worn) {rElec Int+2 SInv}
   (You acquired it on level 9 of the Dungeon)

   Int:       It affects your intelligence (+2).
   rElec:     It insulates you from electricity.
   SInv:      It lets you see invisible.
 n - a +0 cloak (worn)
   (You found it on level 1 of the Dungeon)
 H - the +0 scale mail of Whack-A-Mole (worn) {rN+ Str+2 Dex+3}
   (You found it on level 5 of the Dungeon)

   Str:       It affects your strength (+2).
   Dex:       It affects your dexterity (+3).
   rN:        It protects you from negative energy.
 K - the +8 plate armour of Seahonea {rElec SInv}
   (You found it on level 8 of the Dungeon)

   rElec:     It insulates you from electricity.
   SInv:      It lets you see invisible.
 L - an orb of light (worn)
   (You found it on level 9 of the Dungeon)
Jewellery
 g - a ring of positive energy (right claw)
   (You found it on level 4 of the Dungeon)
 o - a +4 ring of slaying (left claw)
   (You found it on level 1 of the Dungeon)
 r - an amulet of faith (around neck) {!P}
   (You found it on level 2 of the Dungeon)
 G - a ring of poison resistance
   (You took it off an orc on level 9 of the Dungeon)
 I - an amulet of the acrobat
   (You found it on level 9 of the Dungeon)
 J - an amulet of magic regeneration {@e2}
   (You found it on level 6 of the Dungeon)
Wands
 c - a wand of flame (26) (quivered)
 d - a wand of charming (11)
 e - a wand of iceblast (2)
 k - a wand of quicksilver (1)
   (You found it on level 5 of the Dungeon)
 u - a wand of paralysis (5)
   (You found it on level 3 of the Dungeon)
Scrolls
 m - a scroll of enchant armour {unknown}
 p - a scroll of blinking {unknown}
 q - 5 scrolls of teleportation {@r4}
 x - 2 scrolls of fear
 y - a scroll of summoning
 F - a scroll of vulnerability {!r!r}
Potions
 a - a potion of ambrosia
 f - 2 potions of flight
 h - 2 potions of lignification {!q}
 i - 2 potions of brilliance
 j - 2 potions of heal wounds {@q2}
 s - a potion of haste {@q3}
 t - 4 potions of might
 v - 2 potions of mutation {!q}
 w - a potion of invisibility {unknown}
 z - 2 potions of attraction {!q}
 A - 2 potions of curing {unknown}
 B - 2 potions of degeneration {unknown}
 C - a potion of resistance {unknown}
 D - a potion of magic {unknown}
 E - 3 potions of berserk rage {unknown}

Dungeon Overview and Level Annotations

Branches:
Dungeon (9/15) Zot: 26324  Temple (1/1) D:4 Zot: 5695    Lair (0/5) D:8
    Orc (0/2) D:9           Sewer (visited)

Altars:
Ashenzari
Cheibriados
Dithmenos
Fedhas
Gozag
Hepliaklqana
Kikubaaqudgha
Makhleb
Nemelex Xobeh
Okawaru
Qazlal
Ru
Sif Muna
Trog
Uskayaw
Vehumet
Wu Jian
Xom
Yredelemnul

Annotations:
D:3 exclusion: statue
D:6 3 runed translucent doors, Miklu's ghost, novice MiFi

## ...##..# ..#
##...#.#### .. ..........
#.##.###..$......# ##
#...FD§†........# ..
#..####†#........#######.#
##[§................
#.l................ .#
##@§..............# ##.#
#§§..............#
..#.####...........##....
......#.#####.....##....
###..#.#.######........).
............###..........
.........##......##......
........######'..##......
#####<.†)....>...........


You could see a wyvern and a friendly steam dragon (charmed).


Message History

You barely miss the steam dragon.
You are engulfed in a cloud of scalding steam.
The killer bee is struck by your spines.
The killer bee closely misses you.
The killer bee is struck by your spines.
The killer bee stings you but does no damage.
The killer bee stings you.
You are poisoned.
The killer bee poisons you! The killer bee misses you.
The steam dragon completely misses you.
The steam dragon claws you but does no damage. 😮 HP[-5]
You take 5 damage, and now have 52/87 hp.
Aiming: Charm
Press: ? - help, Shift-Dir - straight line, f - steam dragon
Aim: a steam dragon (haloed, chance to affect: 56%)
The steam dragon is charmed.
You feel sick.
The bullfrog closely misses your steam dragon.
The killer bee is struck by your spines.
The killer bee closely misses you.
The killer bee is engulfed in a cloud of scalding steam.
The killer bee barely misses you. The bullfrog hits your steam dragon.
The killer bee is struck by your spines.
The killer bee misses you.
The killer bee is engulfed in a cloud of scalding steam.
The killer bee is struck by your spines.
You kill the killer bee!
Fedhas appreciates your contribution to the ecosystem. 😮 HP[-1]
You take 1 damage, and now have 51/87 hp.
You feel sick.
The killer bee stings you but does no damage. x2
The wyvern barely misses you. The bullfrog hits your steam dragon.
The killer bee is struck by your spines.
The killer bee closely misses you. x2
You see here a killer bee corpse. 😮 HP[-1]
You take 1 damage, and now have 50/87 hp.
You barely miss the killer bee.
You feel sick. The wyvern barely misses you.
The killer bee is struck by your spines.
The killer bee stings you. The killer bee misses you. The wyvern bites you!
* * * LOW HITPOINT WARNING * * *
😨 HP[-11]
You take 11 damage, and now have 39/87 hp.
You miss the killer bee.
You feel sick. The killer bee closely misses you.
The killer bee barely misses you. The bullfrog hits your steam dragon.
Your steam dragon breathes steam at the killer bee.
The ball of steam hits the killer bee!
The killer bee dies!
Fedhas appreciates your contribution to the ecosystem.
The killer bee is struck by your spines.
The killer bee closely misses you. The wyvern barely misses you.
The bullfrog hits your steam dragon.
You hear a shout! 😨 HP[-1]
You take 1 damage, and now have 38/87 hp.
The wyvern attacks as you move away! The wyvern is struck by your spines.
The wyvern bites you!
* * * LOW HITPOINT WARNING * * *
You are engulfed in a cloud of scalding steam.
You feel sick. The killer bee closely misses you.
Your steam dragon closely misses the bullfrog.
Your steam dragon barely misses the bullfrog.
The bullfrog barely misses your steam dragon.
The killer bee is struck by your spines.
The killer bee stings you.
* * * LOW HITPOINT WARNING * * *
You see here a killer bee corpse. 😱 HP[-21]
You take 21 damage, and now have 17/87 hp.
MASSIVE DAMAGE!! (PAUSE)
You are engulfed in a cloud of scalding steam.
You feel sick.
Fedhas appreciates your contribution to the ecosystem.
You feel a bit more experienced.
The wyvern is engulfed in a cloud of scalding steam.
Your steam dragon bites something.
Your steam dragon closely misses something.
The wyvern is engulfed in a cloud of scalding steam.
The wyvern closely misses you.
Things that are here:
a +0 robe; a +0 dagger {short}; 😱 HP[-1]
You take 1 damage, and now have 16/87 hp.
Unknown command.
The wyvern attacks as you move away! The wyvern is struck by your spines.
The wyvern bites you!
* * * LOW HITPOINT WARNING * * *
You feel sick.
You are no longer poisoned.
The wyvern is engulfed in a cloud of scalding steam.
Your steam dragon bites something.
Your steam dragon misses something.
Something hits your steam dragon. 😱 HP[-11]
You take 11 damage, and now have 5/87 hp.
Unknown command.
Something hits your steam dragon but does no damage.
Your steam dragon closely misses something. x2
The wyvern is struck by your spines. The wyvern bites you!
You die...
Fedhas appreciates your contribution to the ecosystem.

Skill      XL: |  1  2  3  4  5  6  7  8  9 10 |
---------------+-------------------------------+-----
Fighting       | 2 3 5 7 9 11 | 11.0
Maces & Flails | 1 2 3 4 5 6 |  6.6
Armour         | 4 5 |  5.9
Dodging        | 5 7 |  7.3
Unarmed Combat | 1 |  1.7
Stealth        | |  0.8
Evocations     | |  3.0

Action                     |  1- 3 |  4- 6 |  7- 9 | 10-12 || total
---------------------------+-------+-------+-------+-------++-------
  Melee: Club              |    22 |       |       |       ||    22
         Whip              |    73 |   180 |   159 |   118 ||   530
         Punch             |     2 |     1 |     2 |     3 ||     8
 Invoke: Wall of Briars    |       |       |       |     1 ||     1
  Evoke: Wand              |     6 |     9 |     5 |     6 ||    26
    Use: Scroll            |       |     5 |     3 |     8 ||    16
         Potion            |       |       |       |     3 ||     3
   Stab: Sleeping          |     8 |     7 |     4 |     2 ||    21
         Distracted        |       |     2 |       |       ||     2
         Paralysed         |       |       |     4 |       ||     4
 Armour: Leather armour    |    25 |    59 |     2 |       ||    86
         Scale mail        |       |       |    27 |    13 ||    40
         Plate armour      |       |       |       |    45 ||    45
  Dodge: Dodged            |    75 |   148 |    65 |    62 ||   350

Levels and vault maps discovered:
D:1:      evilmike_arrival_hilbert_curve, layout_basic
D:2:      layout_basic
D:3:      layout_basic, mainiacjoe_overflow_alcove_2, vehumet_statue,
          tso_metal_star, lightli_sewer_entry_pipes
D:4:      layout_basic, nemelex_altar_shiori, lemuel_doored_altar,
          minmay_temple_entry_ruins, serial_glass, glass_columns_b,
          glass_columns_b, uniq_blork_the_orc
D:5:      layout_basic
D:6:      layout_cave_pools, mainiacjoe_overflow_catwalk_spiral,
          gammafunk_ghost_nasty_kobolds, guppyfry_early_elven_hall, uniq_pikel
D:7:      layout_basic, uniq_menkaure
D:8:      layout_cave_pools, overflow_temple_1_default, lair_entry_dummy,
          minmay_fire_ice_demons
D:9:      layout_roguey, erik_orc_4, minmay_shattered_shrine, uniq_erica
Temple:   minmay_temple_curvy_branch

Notes
Turn   | Place    | Note
-------+----------+-------------------------------------------
     0 | D:1      | MackTheKnife the Demonspawn Artificer began the quest for
                  | the Orb.
     0 | D:1      | Reached XP level 1. HP: 15/15 MP: 1/1
     0 | D:1      | magus.rc [v1.9.6]
   105 | D:1      | HP: 4/16 [jackal (3)]
   108 | D:1      | Reached skill level 2 in Fighting
   117 | D:1      | Gained mutation: You sometimes gain a little power by
                  | taking damage. [demonic ancestry]
   117 | D:1      | Reached XP level 2. HP: 6/22 MP: 2/2
   675 | D:1      | Reached skill level 1 in Maces & Flails
   675 | D:1      | Gained mutation: You have a somewhat thin skeletal
                  | structure. (Dex +2, Stealth+) [demonic ancestry]
   675 | D:1      | Reached XP level 3. HP: 13/28 MP: 3/3
   812 | D:1      | You pick up a book of Burglary and begin reading...
   812 | D:1      | You add the spells Passwall, Ensorcelled Hibernation and
                  | Swiftness to your library.
  1611 | D:2      | Reached skill level 2 in Maces & Flails
  1810 | D:3      | Reached XP level 4. HP: 34/34 MP: 4/4
  2086 | D:3      | Found an iron altar of Okawaru.
  2271 | D:3      | Found a radiant altar of Vehumet.
  2271 | D:3      | Noticed a charred statue
  2343 | D:3      | Reached skill level 3 in Maces & Flails
  2378 | D:3      | Gained mutation: You have sharp fingernails. [demonic
                  | ancestry]
  2378 | D:3      | Reached XP level 5. HP: 19/39 MP: 5/5
  2388 | D:3      | Found a glowing drain.
  2396 | Sewer    | Entered a sewer
  2686 | Sewer    | Reached skill level 4 in Maces & Flails
  2763 | Sewer    | Gained mutation: You have a moderately thin skeletal
                  | structure. (Dex +4, Stealth++) [demonic ancestry]
  2763 | Sewer    | Reached XP level 6. HP: 22/46 MP: 6/6
  2766 | Sewer    | HP: 9/46 [bullfrog (3)]
  2925 | Sewer    | Reached skill level 5 in Maces & Flails
  3034 | Sewer    | Reached skill level 3 in Fighting
  3578 | D:4      | Found a shimmering blue altar of Sif Muna.
  3815 | D:4      | Found a staircase to the Ecumenical Temple.
  3824 | Temple   | Entered the Ecumenical Temple
  4106 | Temple   | Became a worshipper of Fedhas Madash
  4153 | D:4      | Gained mutation: You are partially covered in sharp spines.
                  | [demonic ancestry]
  4153 | D:4      | Reached XP level 7. HP: 41/53 MP: 7/7
  4169 | D:4      | Noticed Blork the orc
  4180 | D:4      | Killed Blork the orc
  4181 | D:4      | Reached skill level 4 in Fighting
  4444 | D:4      | Found a sparkling altar of Nemelex Xobeh.
  4606 | D:5      | Entered Level 5 of the Dungeon
  4654 | D:5      | Reached skill level 6 in Maces & Flails
  4912 | D:5      | Reached skill level 5 in Fighting
  5137 | D:5      | Gained mutation: You have very sharp fingernails. [demonic
                  | ancestry]
  5137 | D:5      | Reached XP level 8. HP: 53/63 MP: 8/8
  5142 | D:5      | Identified the +0 scale mail of Whack-A-Mole {rN+ Str+2
                  | Dex+3}
  5201 | D:5      | Reached * piety under Fedhas
  5202 | D:5      | Reached skill level 2 in Armour
  5541 | D:6      | Found a runed translucent gate.
  5541 | D:6      | Found a runed translucent gate.
  5564 | D:6      | Noticed Miklu's ghost (novice MiFi)
  5589 | D:6      | Reached skill level 6 in Fighting
  5626 | D:6      | Reached skill level 3 in Armour
  5691 | D:6      | Found a broken altar of Ashenzari.
  5707 | D:6      | HP: 16/64 [iguana (5)]
  5873 | D:5      | magus.rc [v1.9.6]
  5948 | D:6      | Found a runed translucent gate.
  5987 | D:6      | Noticed Pikel
  6047 | D:6      | Killed Pikel
  6048 | D:6      | Reached skill level 7 in Fighting
  6048 | D:6      | Reached skill level 4 in Armour
  6201 | D:6      | Found an opulent altar of Gozag.
  6355 | D:6      | Gained mutation: You have an unnaturally thin skeletal
                  | structure. (Dex +6, Stealth+++) [demonic ancestry]
  6355 | D:6      | Reached XP level 9. HP: 67/72 MP: 9/9
  6370 | D:6      | Reached skill level 5 in Armour
  6627 | D:6      | magus.rc [v1.9.6]
  6768 | D:6      | Noticed a deep elf zephyrmancer
  6772 | D:6      | Killed a deep elf zephyrmancer
  6773 | D:6      | Reached skill level 8 in Fighting
  6773 | D:6      | Reached skill level 2 in Dodging
  6897 | D:7      | Reached ** piety under Fedhas
  6898 | D:7      | Reached skill level 3 in Dodging
  6969 | D:7      | Noticed Menkaure
  6973 | D:7      | Killed Menkaure
  7097 | D:7      | Reached skill level 4 in Dodging
  7263 | D:7      | Reached skill level 9 in Fighting
  7548 | D:8      | Found a bloodstained altar of Trog.
  7554 | D:8      | Reached skill level 5 in Dodging
  7574 | D:8      | Found a staircase to the Lair.
  7719 | D:8      | magus.rc [v1.9.6]
  7741 | D:8      | Reached XP level 10. HP: 63/84 MP: 10/10
  7868 | D:8      | Reached *** piety under Fedhas
  8026 | D:8      | Identified the +8 plate armour of Seahonea {rElec SInv}
  8087 | D:8      | Reached skill level 10 in Fighting
  8151 | D:8      | Reached skill level 6 in Dodging
  8173 | D:8      | magus.rc [v1.9.6]
  8549 | D:9      | Noticed Erica
  8559 | D:9      | Killed Erica
  8608 | D:9      | magus.rc [v1.9.6]
  8705 | D:9      | Reached skill level 7 in Dodging
  8731 | D:9      | Reached skill level 11 in Fighting
  8810 | D:9      | HP: 14/87 [orc priest/divine providence (12)]
  8811 | D:9      | Reached **** piety under Fedhas
  8813 | D:9      | HP: 5/87 [poisoned by a hornet]
  8815 | D:9      | Gained mutation: You are clumsy. (Dex -2) [potion of
                  | mutation]
  8818 | D:9      | HP: 15/87 [poisoned by a hornet]
  9061 | D:9      | Found a staircase to the Orcish Mines.
  9086 | D:9      | Identified a scroll of acquirement
  9086 | D:9      | Acquired the +3 crown of Dyrovepreva {rElec Int+2 SInv}
  9086 | D:9      | Found the +3 crown of Dyrovepreva {rElec Int+2 SInv}
  9177 | D:9      | Reached skill level 1 in Unarmed Combat
  9218 | D:9      | magus.rc [v1.9.6]
  9230 | D:9      | HP: 17/87 [killer bee (6)]
  9232 | D:9      | HP: 6/87 [wyvern (10)]
  9233 | D:9      | Mangled by a wyvern

Vanquished Creatures
  Erica (D:9)
  Pikel (D:6)
  A deep elf zephyrmancer (D:6)
  A hornet (D:9)
  4 wyverns
  A wraith (D:7)
  7 yaks
  2 steam dragons (D:7)
  2 wargs (D:9)
  An acid dragon (D:8)
  Menkaure (D:7)
  2 water moccasins
  An orc warrior (D:9)
  An ogre (D:5)
  A centaur (D:8)
  2 phantoms
  2 lemures (D:6)
  Blork the orc (D:4)
  6 bullfrogs
  A gnoll sergeant (D:6)
  4 scorpions
  7 killer bees
  A crimson imp (D:8)
  3 jellies
  6 orc priests
  A gnoll bouda (D:6)
  A hound (D:6)
  5 iguanas
  A sleepcap (D:4)
  5 orc wizards
  17 gnolls
  11 adders
  5 river rats
  A shadow imp (D:5)
  A white imp (D:8)
  3 worms (D:3)
  5 dart slugs
  32 orcs
  20 ball pythons
  3 bats
  5 endoplasms
  A giant cockroach (D:2)
  8 goblins
  10 hobgoblins
  5 jackals
  4 quokkas
  9 frilled lizards
  7 kobolds
  24 rats
244 creatures vanquished.

Vanquished Creatures (collateral kills)
  2 yaks (D:8)
  2 killer bees (D:9)
  A gnoll bouda (D:8)
  An orc (D:9)
6 creatures vanquished.

Vanquished Creatures (others)
  A jackal (D:1)
1 creature vanquished.

Grand Total: 251 creatures vanquished

Table legend:
 A = Non-vault XP
 B = Vault XP
 C = Vault XP percentage of total XP
 D = Non-vault monster count
 E = Vault monster count
 F = Vault count percentage of total count
                 A         B        C        D         E       F
            +---------+---------+-------+---------+---------+-------
      Total |    6821 |    3384 |  33.2 |     167 |      81 |  32.7
            +---------+---------+-------+---------+---------+-------
        D:1 |      53 |       0 |   0.0 |      25 |       0 |   0.0
        D:2 |      41 |       0 |   0.0 |      14 |       0 |   0.0
        D:3 |      45 |      84 |  65.1 |      19 |       7 |  26.9
        D:4 |     222 |      99 |  30.8 |      16 |       1 |   5.9
        D:5 |     695 |       0 |   0.0 |      15 |       0 |   0.0
        D:6 |     647 |    1191 |  64.8 |      16 |       2 |  11.1
        D:7 |    1372 |     157 |  10.3 |      20 |       1 |   4.8
        D:8 |    2414 |      60 |   2.4 |      27 |       2 |   6.9
        D:9 |    1332 |    1455 |  52.2 |      15 |      18 |  54.5
      Sewer |       0 |     338 | 100.0 |       0 |      50 | 100.0
            +---------+---------+-------+---------+---------+-------

Illustrated notes

Table legend:
 A = Kills in this place as a percentage of kills in the entire game.
 B = Kills by you in this place as a percentage of kills by you in the entire game.
 C = Kills by friends in this place as a percentage of kills by friends in the entire game.
 D = Other kills in this place as a percentage of other kills in the entire game.
 E = Experience gained in this place as a percentage of experience gained in the entire game.
 F = Experience gained in this place divided by the number of levels of this place that you have seen.
                   A       B       C       D       E      F
               +-------+-------+-------+-------+-------+----------------------
         Total | 100.0 | 100.0 | 100.0 |   N/A | 100.0 | 927.7
       Dungeon |  79.8 |  79.3 | 100.0 |   N/A |  96.7 | 1096.3
         Sewer |  20.2 |  20.7 |   0.0 |   N/A |   3.3 | 338.0
               +-------+-------+-------+-------+-------+----------------------

Table legend: (Time is in decaauts)
 A = Elapsed time spent in this place.
 B = Non-inter-level travel time spent in this place.
 C = Inter-level travel time spent in this place.
 D = Time resting spent in this place.
 E = Time spent auto-exploring this place.
 F = Levels seen in this place.
 G = Mean time per level.
                   A        B        C        D        E       F      G
               +--------+--------+--------+--------+--------+-----+--------+
         Total |   9272 |   9005 |    267 |   1938 |   5245 |  11 |  842.9 |
       Dungeon |   8186 |   7969 |    217 |   1631 |   4766 |   9 |  909.6 |
        Temple |    304 |    254 |     50 |      0 |    244 |   1 |  304.0 |
         Sewer |    781 |    781 |      0 |    307 |    235 |   1 |  781.0 |
               +--------+--------+--------+--------+--------+-----+--------+

Top non-repeatable levels by time:
     D:6: 1179 daAuts
     D:1: 1136 daAuts
     D:5: 1076 daAuts
     D:3: 985 daAuts
     D:8: 981 daAuts
     D:4: 896 daAuts
   Sewer: 781 daAuts
     D:9: 674 daAuts
     D:7: 658 daAuts
     D:2: 598 daAuts
  Temple: 304 daAuts
